 Dungeon Crawl Stone Soup version 0.31-a0-875-g02e7d12df6 (webtiles) character file.

Game seed: 13484518759745324940

644 IdlyInterested the Twirler (level 7, 0/54 HPs)
             Began as a Demonspawn Gladiator on Oct 12, 2023.
             Splashed by a jelly's acid (6 damage)
             ... on level 5 of the Dungeon.
             The game lasted 00:13:08 (3844 turns).

IdlyInterested the Twirler (Demonspawn Gladiator)   Turns: 3844, Time: 00:13:09

Health: 0/54       AC: -2    Str: 14    XL:     7   Next: 26%
Magic:  11/11      EV: 13    Int: 12    God:
Gold:   12         SH:  0    Dex: 16    Spells: 11/12 levels left

rFire   . . .        a - +0 quarterstaff
rCold   . . .        (shield currently unavailable)
rNeg    . . .        A - +1 robe
rPois   .            B - +0 helmet
rElec   .            m - +0 cloak
rCorr   .            (no gloves)
SInv    .            (boots unavailable)
Will    .....        (no amulet)
Stlth   +++          (no ring)
HPRegen 0.29/turn    (no ring)
MPRegen 0.12/turn

%: no passive effects
@: corroded
A: hooves 3, thin skeletal structure 1
a: no special abilities


You were on level 5 of the Dungeon.
You visited 1 branch of the dungeon, and saw 5 of its levels.

You collected 116 gold pieces.
You spent 104 gold pieces at shops.

Inventory:

Hand Weapons
 a - a +0 quarterstaff (weapon)
 b - a +0 falchion
 n - a +0 flail
 o - a +0 hand axe
 p - a +0 short sword
 G - a +0 spear
 L - a +2 flail of protection
Missiles
 d - 3 throwing nets
 e - a javelin
 h - 2 darts of dispersal
 i - 55 stones (quivered)
 k - a poisoned dart
Armour
 c - a +0 helmet
 g - a +0 scale mail
 m - a +0 cloak (worn)
 q - a +0 ring mail
 u - a +0 chain mail
 A - a +1 robe (worn)
 B - a +0 helmet (worn)
 E - an orb of light
Wands
 D - a wand of flame (14)
Scrolls
 j - a scroll of blinking
 v - a scroll of teleportation {unknown}
 w - a scroll of amnesia {unknown}
 x - a scroll of fear
 y - 2 scrolls of enchant armour
 F - 2 scrolls of vulnerability {unknown}
 H - a scroll of fog {unknown}
 K - a scroll of butterflies {unknown}
 M - a scroll of poison {unknown}
Potions
 l - 2 potions of lignification {unknown}
 r - a potion of curing
 s - a potion of magic
 z - a potion of brilliance {unknown}
 C - a potion of enlightenment {unknown}
 I - a potion of ambrosia {unknown}
 J - a potion of heal wounds {unknown}
 N - a potion of mutation


   Skills:
 - Level 4.0 Fighting
 + Level 4.9 Staves
 - Level 1.7 Throwing
 - Level 1.0 Armour
 + Level 3.5 Dodging
 - Level 1.0 Stealth
 * Level 3.2 Spellcasting
 - Level 2.0 Evocations


You had 11 spell levels left.
You knew the following spells:

 Your Spells              Type           Power      Damage    Failure   Level
a - Apportation           Tloc           2%         N/A       24%         1

Your spell library contained the following spells:

 Spells                   Type           Power      Damage    Failure   Level
 Foxfire                  Conj/Fire      4%         2x1d4     24%         1
 Necrotise                Necr           4%         1d4       24%         1
 Shock                    Conj/Air       4%         1d3       24%         1
 Summon Small Mammal      Summ           4%         N/A       24%         1
 Swiftness                Air            1%         N/A       58%         3
 Tukima's Dance           Hex            1%         N/A       58%         3
 Airstrike                Air            0%         2d(1-17)  94%         4
 Dimensional Bullseye     Hex/Tloc       0%         N/A       94%         4
 Iskenderun's Mystic Bla  Conj/Tloc      1%         2d3       94%         4
 Plasma Beam              Fire/Air       0%         2x1d10    100%        6
 Starburst                Conj/Fire      0%         6d3       100%        6


Dungeon Overview and Level Annotations

Branches:
Dungeon (5/15)             Temple (0/1) D:5

Altars:
Cheibriados
Fedhas
Kikubaaqudgha

Shops:
D:4 !

Annotations:
D:5 Duvessa


Innate Abilities, Weirdness & Mutations

You have hooves in place of feet.
You have a somewhat thin skeletal structure. (Dex +2, Stealth+)


Message History

You feel sick.
Dowan hits you with a +2 dagger of venom.
You are more poisoned.
The orc misses you.
You closely miss Dowan. Your kick misses Dowan.
Dowan is severely wounded.
You feel very sick. Dowan barely misses you.
The orc hits you but does no damage.
You hit Dowan. You kick Dowan.
You kill Dowan!
Duvessa screams in rage.
Duvessa goes berserk!
You feel very sick. The orc barely misses you.
You feel better. The orc hits you with a +0 whip.
The jelly hits you but does no damage.
You sock the jelly! The acid corrodes you!
Your hands burn!
You kick the jelly.
The jelly is heavily wounded.
The orc closely misses you. The jelly closely misses you.
You hit the jelly.
Your hands burn!
You kick the jelly.
The jelly is almost dead.
The orc wizard mumbles some strange words.
The orc wizard flickers and vanishes!
Deactivating autopickup; reactivate with Ctrl-A.
The orc hits you with a +0 whip. The jelly barely misses you.
You hit the jelly.
Your hands burn!
* * * LOW HITPOINT WARNING * * *
Your kick misses the jelly.
The jelly is almost dead.
The orc barely misses you. The jelly barely misses you.
Unknown command.
You hit the jelly but do no damage.
Your hands burn!
* * * LOW HITPOINT WARNING * * *
The jelly is almost dead.
The orc hits you with a +0 whip.
* * * LOW HITPOINT WARNING * * *
The jelly hits you.
* * * LOW HITPOINT WARNING * * *
The acid corrodes you!
You are splashed with acid.
You die...

##.### #...(#
#.e#.# #. #..#.#
#..#<$#.#
##...o!#.######
.....oo.o{e...^.#
####...###o####.#
##.# #@# #. #J#
#. ... #. ...##
.#.#. ..#. . .#
.. . .. .> ..


You could see Duvessa (berserk), a jelly and an orc.

Vanquished Creatures
  Sigmund (D:3)
  A scorpion (D:4)
  Dowan (D:5)
  A howler monkey (D:4)
  An orc priest (D:4)
  2 hounds (D:4)
  Natasha (thrice) (D:3)
  4 adders
  3 gnolls (D:3)
  An ufetubus (D:4)
  A worm (D:2)
  A dart slug (D:1)
  4 orcs (D:4)
  7 endoplasms
  5 giant cockroaches
  4 goblins
  13 hobgoblins
  11 jackals
  3 quokkas
  8 ball pythons
  5 bats
  2 frilled lizards
  8 kobolds
  3 rats
93 creatures vanquished.

Notes
Turn   | Place    | Note
-------+----------+-------------------------------------------
     0 | D:1      | IdlyInterested the Demonspawn Gladiator began the quest for
                  | the Orb.
     0 | D:1      | Reached XP level 1. HP: 16/16 MP: 1/1
   131 | D:1      | Reached skill level 1 in Spellcasting
   131 | D:1      | Gained mutation: You have large cloven feet. [demonic
                  | ancestry]
   131 | D:1      | Reached XP level 2. HP: 17/22 MP: 3/3
   343 | D:1      | Reached skill level 1 in Armour
   428 | D:1      | Gained mutation: You have hoof-like feet. [demonic
                  | ancestry]
   428 | D:1      | Reached XP level 3. HP: 27/27 MP: 5/5
  1164 | D:2      | Learned a level 1 spell: Apportation
  1412 | D:2      | Reached skill level 1 in Stealth
  1442 | D:2      | Reached XP level 4. HP: 33/33 MP: 7/7
  1601 | D:3      | Noticed Sigmund
  1614 | D:3      | Killed Sigmund
  1615 | D:3      | Reached skill level 1 in Evocations
  1615 | D:3      | Gained mutation: You have hooves in place of feet. [demonic
                  | ancestry]
  1615 | D:3      | Reached XP level 5. HP: 7/38 MP: 7/9
  2017 | D:3      | Found an ancient bone altar of Kikubaaqudgha.
  2234 | D:3      | Gained mutation: You have a somewhat thin skeletal
                  | structure. (Dex +2, Stealth+) [demonic ancestry]
  2234 | D:3      | Reached XP level 6. HP: 42/44 MP: 10/10
  2299 | D:3      | Noticed Natasha
  2305 | D:3      | Killed Natasha
  2375 | D:3      | Noticed Natasha
  2388 | D:3      | Killed Natasha
  2572 | D:3      | Noticed Natasha
  2578 | D:3      | Killed Natasha
  2924 | D:4      | Reached XP level 7. HP: 39/53 MP: 11/11
  2925 | D:4      | Found a large runed translucent door.
  2927 | D:4      | Found a large runed translucent door.
  2996 | D:4      | Found a snail-covered altar of Cheibriados.
  3001 | D:4      | Found a blossoming altar of Fedhas.
  3114 | D:4      | Found Acoem's Distillery.
  3502 | D:4      | Bought a potion of mutation for 104 gold pieces
  3636 | D:5      | Entered Level 5 of the Dungeon
  3824 | D:5      | Noticed Duvessa
  3824 | D:5      | Noticed Dowan
  3828 | D:5      | Found a staircase to the Ecumenical Temple.
  3839 | D:5      | Killed Dowan
  3844 | D:5      | Splashed by a jelly's acid

Illustrated notes

Levels and vault maps discovered:
D:1:      giann_bridges, layout_basic, bh_walls_and_bars
D:2:      layout_basic, minmay_tetromino_o4
D:3:      layout_loops_ring, old_standard_altar, mainiacjoe_overflow_paths,
          uniq_natasha, uniq_sigmund
D:4:      layout_basic, jmf_multi_god_temple2, serial_shops,
          nicolae_lakefront_shop, nicolae_tricolors
D:5:      layout_loops_ring, minmay_temple_entry_mini_moons,
          kennysheep_generic_room_5, uniq_duvessa

Skill      XL: |  1  2  3  4  5  6  7 |
---------------+----------------------+-----
Spellcasting   | 1 2 3 |  3.2
Staves         | 3 4 |  4.9
Armour         | 1 |  1.0
Stealth        | 1 |  1.0
Evocations     | 1 2 |  2.0
Fighting       | 3 4 |  4.0
Dodging        | 3 |  3.5
Throwing       | |  1.7

Action                     |  1- 3 |  4- 6 |  7- 9 || total
---------------------------+-------+-------+-------++-------
  Melee: Quarterstaff      |   114 |    96 |    31 ||   241
         Kick              |    21 |    19 |    12 ||    52
  Throw: Stone             |     2 |       |       ||     2
         Dart              |       |       |     1 ||     1
    Use: Potion            |       |     2 |     1 ||     3
         Scroll            |       |     3 |     1 ||     4
   Stab: Sleeping          |       |     6 |       ||     6
 Armour: Scale mail        |    62 |       |       ||    62
         Leather armour    |    11 |       |       ||    11
         Chain mail        |     9 |    14 |       ||    23
         Robe              |       |    43 |    18 ||    61
  Dodge: Dodged            |    85 |    46 |    25 ||   156

Table legend: (Time is in decaauts)
 A = Elapsed time spent in this place.
 B = Non-inter-level travel time spent in this place.
 C = Inter-level travel time spent in this place.
 D = Time resting spent in this place.
 E = Time spent auto-exploring this place.
 F = Levels seen in this place.
 G = Mean time per level.
                   A        B        C        D        E       F      G
               +--------+--------+--------+--------+--------+-----+--------+
         Total |   3876 |   3059 |    817 |    209 |   1831 |   5 |  775.2 |
       Dungeon |   3876 |   3059 |    817 |    209 |   1831 |   5 |  775.2 |
               +--------+--------+--------+--------+--------+-----+--------+

Top non-repeatable levels by time:
     D:4: 1053 daAuts
     D:3: 1028 daAuts
     D:2: 990 daAuts
     D:1: 780 daAuts
     D:5: 24 daAuts
